 Dungeon Crawl Stone Soup version 0.32-a0-534-ga61f84b8bd (webtiles) character file.

Game seed: 15889515879423920130

92337 Gargoyl the Peltast (level 16, 0/93 HPs)
             Began as a Gargoyle Berserker on Feb 28, 2024.
             Was a High Priest of Trog.
             Slain by a titanic slime creature (28 damage)
             ... on level 15 of the Dungeon.
             The game lasted 00:37:27 (21252 turns).

Gargoyl the Peltast (Gargoyle Berserker)           Turns: 21252, Time: 00:37:28

Health: 0/93       AC: 36    Str: 41    XL:     16   Next: 5%
Magic:  9/16       EV: 18    Int:  5    God:    Trog [*****.]
Gold:   1553       SH: 20    Dex: 24    Spells: 15/15 levels left

rFire   + . .        U - +3 war axe (venom)
rCold   . . .        g - +4 kite shield
rNeg    + . .        L - +0 acid dragon scales
rPois   ∞            D - +2 helmet
rElec   +            q - +1 cloak "Givaj" {Str+9 Int-2 Dex+5}
rCorr   +            I - +2 pair of gloves {infuse}
SInv    .            T - +2 pair of boots {rampage}
Will    +++..        m - amulet of regeneration
Stlth   +++          X - +6 ring of strength
HPRegen 2.15/turn    G - +6 ring of dexterity
MPRegen 0.15/turn

%: rampage, infuse magic (1 MP)
@: strong-willed, flying, regenerating
A: sickness immunity, AC +12, big wings, negative energy resistance 1,
electricity resistance, torment resistance 1, petrification resistance,
iridescent scales 2, fire resistance 1, frail 1
a: Renounce Religion, Berserk, Trog's Hand, Brothers in Arms


You were on level 15 of the Dungeon.
You worshipped Trog.
Trog was extremely pleased with you.
You visited 2 branches of the dungeon, and saw 20 of its levels.
You also visited: Gauntlet.

You collected 2145 gold pieces.
You spent 592 gold pieces at shops.

Inventory:

Hand Weapons
 e - a +4 heavy war axe
 o - a +2 demon trident of draining
 y - a +2 broad axe
 U - a +3 war axe of venom (weapon)
Missiles
 w - 30 poisoned darts (quivered)
Armour
 g - a +4 kite shield (worn)
 q - the +1 cloak "Givaj" (worn) {Str+9 Int-2 Dex+5}
   (You acquired it on level 5 of the Dungeon)

   Str+9:     It affects your strength (+9).
   Int-2:     It affects your intelligence (-2).
   Dex+5:     It affects your dexterity (+5).
 D - a +2 helmet (worn)
 I - a +2 pair of gloves of infusion (worn)
 L - +0 acid dragon scales (worn)
 T - a +2 pair of boots of rampaging (worn)
Jewellery
 m - an amulet of regeneration (around neck)
 G - a +6 ring of dexterity (right hand)
 X - a +6 ring of strength (left hand)
Wands
 K - a wand of digging (6)
Scrolls
 c - a scroll of immolation
 d - 8 scrolls of fear
 k - a scroll of butterflies
 l - 6 scrolls of fog
 v - 4 scrolls of silence
 A - 8 scrolls of teleportation
 E - 2 scrolls of poison
 F - 2 scrolls of revelation
 H - 5 scrolls of identify
 P - 3 scrolls of blinking
 Y - a scroll of enchant armour
Potions
 a - 2 potions of might
 b - a potion of berserk rage {unknown}
 f - 12 potions of curing
 h - 6 potions of heal wounds
 i - 4 potions of enlightenment
 j - 3 potions of ambrosia
 n - 2 potions of resistance
 x - a potion of mutation
 N - 4 potions of haste
 O - a potion of magic
 R - 3 potions of invisibility
Miscellaneous
 z - a tin of tremorstones (2/2)
 V - a phantom mirror


   Skills:
 + Level 13.2 Fighting
 + Level 15.4(15.5) Axes
 + Level 1.3(10.1) Polearms
 + Level 8.5 Armour
 + Level 7.7 Dodging
 + Level 5.9 Stealth
 + Level 16.7 Shields
 + Level 0.1 Unarmed Combat


You had 15 spell levels left.
You didn't know any spells.
Your spell library was empty.

Dungeon Overview and Level Annotations

Branches:
Dungeon (15/15)            Temple (0/1) D:7            Lair (5/5) D:8
 Shoals (0/4) Lair:3       Spider (0/4) Lair:2        Slime (0/5) Lair:4
    Orc (0/2) D:10         Vaults (0/5) D:14         Depths (0/4) D:15
Gauntlet (visited)

Altars:
Ashenzari
Cheibriados
Elyvilon
Gozag
Kikubaaqudgha
Okawaru
Vehumet
Wu Jian
Yredelemnul
Zin
Jiyva
Lugonu

Shops:
D:2 !   D:7 :   D:8 *   D:10 ?

Portals:
Trove: D:14 (give +3 ice dragon scales)

Annotations:
D:7 1 runed translucent door, ongoing's ghost, novice DjEE
D:8 2 transporters


Innate Abilities, Weirdness & Mutations

You are immune to sickness and miasma.
Your stone body is resilient. (AC +12)
You are immune to poison.
Your large and strong wings let you fly.
You resist negative energy. (rN+)
You are resistant to electric shocks. (rElec)
You are resistant to unholy torment.
You are immune to petrification.
You are mostly covered in iridescent scales. (AC +4)
Your flesh is heat resistant. (rF+)
You are frail. (-10% HP)


Message History

A slime creature comes into view. 2 slime creatures come into view.
A slime creature comes into view.
Found a staircase to the Depths.
A slime creature comes into view.
The slime creature quivers.
The slime creature quivers. x3
You slice the slime creature!!
The slime creature is severely wounded.
You block the slime creature's attack.
Unknown command.
You slice the slime creature!!
The slime creature is almost dead.
Two slime creatures merge to form a large slime creature.
You hit the large slime creature but do no damage.
The large slime creature is poisoned.
The large slime creature is heavily wounded.
Two slime creatures merge to form a very large slime creature.
Two slime creatures merge to form an enormous slime creature.
You slice the enormous slime creature!!
The enormous slime creature is moderately wounded.
You carve the enormous slime creature like a ham!!!
The enormous slime creature looks as sick as possible!
The enormous slime creature is heavily wounded.
Two slime creatures merge to form a titanic slime creature.
Unknown command.
Unknown command.
Unknown command.
The titanic slime creature attacks as it pursues you!
The titanic slime creature closely misses you.
The titanic slime creature attacks as it pursues you!
The titanic slime creature hits you!!!
Ouch! That really hurt!
* * * LOW HITPOINT WARNING * * *
The titanic slime creature attacks as it pursues you!
You block the titanic slime creature's attack.
You see here a glowing shapeshifter corpse.
Your skin crawls.
You feel strong-willed. The titanic slime creature hits you!!
You die...

.........## #)#..#)....# #..
..........# ##†##))####.###..
....[.###.# ##...##.####...#..
......###.## #.)...#.)....#.#..
####........ #.....#...#.##.#..
####.####.## ##...######.##.##'
...........# ##.## #.##.##.#..
####.####.... ###..# #...#....#..
..)#.####+#####.@.###....##......
...#.##......##.J##......>#.##...
...#.##......###†##.#....##......
...#^##....#.##.....# ...###.##..
...#.#...#.#..##.#..# .###..##..
...#.......#..############.)))...
...........#...(......#....#)))..
....###....#.....####...####.....
.....#.....####### ##### #.....


You could see a titanic slime creature (very poisoned).

Vanquished Creatures
  Gastronok (Lair:3)
  Frances (D:13)
  Kirke (D:12)
  A very ugly thing (D:15)
  A minotaur (Gauntlet)
  Josephine (D:13)
  Fannar (Lair:2)
  2 hydras
  2 rakshasas (D:15)
  5 vault guards (D:14)
  A catoblepas (Gauntlet)
  A two-headed ogre (D:12)
  3 dancing weapons (D:11)
  3 boulder beetles
  A death yak (Lair:4)
  8 centaur warriors
  A death knight (D:14)
  Urug (D:13)
  A tengu warrior (D:14)
  2 skysharks
  Lodul (D:14)
  A glowing orange brain (D:15)
  A lindwurm (Lair:4)
  An orc knight (D:15)
  9 ugly things
  3 oklob plants
  4 manticores
  A cyclops (D:11)
  3 meliai (Lair:4)
  12 elephants
  5 black mambas
  4 gargoyles
  An orange demon (Lair:2)
  18 cane toads
  2 unseen horrors
  A torpor snail (shapeshifter) (D:15)
  2 efreet
  3 rime drakes
  8 komodo dragons
  A kobold demonologist (D:10)
  A yaktaur (D:15)
  5 trolls
  5 polar bears
  6 hornets
  A raiju (shapeshifter) (D:14)
  21 blink frogs
  Grinder (D:3)
  6 dream sheep (Lair:5)
  5 slime creatures (D:15)
  A jumping spider (Lair:2)
  3 culicivoras (Lair:2)
  A water elemental (D:14)
  11 spriggans (Lair:5)
  4 wraiths (D:13)
  37 yaks
  6 wyverns
  6 humans (D:14)
  A basilisk (Lair:4)
  5 shadows
  3 steam dragons
  3 hogs (D:12)
  A redback (Lair:2)
  Grum (D:10)
  3 acid dragons
  Edmund (D:5)
  Duvessa (D:6)
  16 water moccasins
  2 ice beasts (D:7)
  6 orc warriors
  4 black bears
  3 sky beasts (D:6)
  4 boggarts (Lair:5)
  8 ogres
  2 phantoms
  47 wolves
  20 centaurs
  10 bullfrogs
  A kobold brigand (D:8)
  3 gnoll sergeants (D:10)
  9 scorpions
  Dowan (D:6)
  7 wights (D:8)
  43 killer bees
  6 howler monkeys
  An electric eel (D:10)
  3 jellies
  2 bombardier beetles
  3 gnoll boudas
  10 orc priests
  15 hounds
  4 sleepcaps
  Terence (D:3)
  5 iguanas
  12 orc wizards
  8 hell rats
  The ghost of uoaz the Shield-Bearer, a weakling TrFi of Uskayaw (D:5)
  25 gnolls
  8 adders
  8 river rats (D:7)
  2 shadow imps
  3 white imps
  2 ufetubi (D:7)
  3 dart slugs (D:1)
  4 ribbon worms
  36 orcs
  7 bats
  6 endoplasms
  4 giant cockroaches
  6 goblins
  8 hobgoblins
  9 jackals
  11 kobolds
  15 quokkas
  9 ball pythons
  2 frilled lizards (D:1)
  24 rats
707 creatures vanquished.

Vanquished Creatures (collateral kills)
  Amaemon (Lair:2)
  An elephant (Lair:5)
  A gargoyle (D:8)
  A komodo dragon (Lair:1)
  A queen bee (Lair:4)
  7 yaks
  2 water moccasins
  A black bear (Lair:3)
  An orc warrior (D:8)
  3 laughing skulls (Gauntlet)
  5 wolves
  A weeping skull (Gauntlet)
  A wight (D:8)
  2 orcs (D:8)
28 creatures vanquished.

Vanquished Creatures (others)
  Maggie (Lair:1)
  A human (D:14)
  An orc wizard (D:8)
3 creatures vanquished.

Grand Total: 738 creatures vanquished

Notes
Turn   | Place    | Note
-------+----------+-------------------------------------------
     0 | D:1      | Gargoyl the Gargoyle Berserker began the quest for the Orb.
     0 | D:1      | Reached XP level 1. HP: 14/14 MP: 1/1
   164 | D:1      | Reached XP level 2. HP: 19/19 MP: 2/2
   397 | D:1      | Reached XP level 3. HP: 23/24 MP: 3/3
   908 | D:2      | Gained mutation: You occasionally lose the ability to read
                  | scrolls when taking damage. [potion of mutation]
   960 | D:2      | Reached ** piety under Trog
   991 | D:2      | Identified the +6 dagger of the Boar {antimagic, Int+6}
  1098 | D:2      | Reached XP level 4. HP: 29/29 MP: 4/4
  1220 | D:2      | Found a snail-covered altar of Cheibriados.
  1404 | D:2      | Found Hizuich's Distillery.
  1419 | D:2      | Bought a potion of heal wounds for 60 gold pieces
  1419 | D:2      | Bought a potion of heal wounds for 60 gold pieces
  1608 | D:3      | Noticed Terence
  1618 | D:3      | Killed Terence
  1741 | D:3      | Noticed Grinder
  1751 | D:3      | Paralysed by Grinder for 5 turns
  1763 | D:3      | Killed Grinder
  1764 | D:3      | Reached XP level 5. HP: 33/34 MP: 5/5
  1764 | D:3      | Reached XP level 6. HP: 38/39 MP: 6/6
  2484 | D:4      | Reached skill level 5 in Axes
  2786 | D:4      | Reached skill level 1 in Shields
  2786 | D:4      | Reached XP level 7. HP: 44/44 MP: 7/7
  2822 | D:4      | Reached skill level 2 in Shields
  3432 | D:5      | Entered Level 5 of the Dungeon
  3468 | D:5      | Found a runed translucent gate.
  3468 | D:5      | Found a runed translucent gate.
  3469 | D:5      | Found a runed translucent gate.
  3471 | D:5      | Noticed uoaz's ghost (weakling TrFi)
  3479 | D:5      | Reached *** piety under Trog
  3813 | D:5      | Reached skill level 5 in Fighting
  3862 | D:5      | Reached XP level 8. HP: 47/49 MP: 8/8
  3886 | D:5      | Identified a scroll of acquirement
  3886 | D:5      | Acquired the +1 cloak "Givaj" {Str+9 Int-2 Dex+5}
  3971 | D:5      | Noticed Edmund
  3982 | D:5      | Killed Edmund
  3983 | D:5      | Reached skill level 3 in Shields
  4391 | D:5      | Killed uoaz's ghost
  4513 | D:6      | Reached skill level 4 in Shields
  4716 | D:6      | Reached XP level 9. HP: 55/55 MP: 9/9
  5322 | D:6      | Reached skill level 1 in Stealth
  5771 | D:7      | Noticed Duvessa
  5772 | D:7      | Noticed a hornet
  5783 | D:7      | Noticed Dowan
  5793 | D:6      | Reached skill level 5 in Shields
  5851 | D:6      | Killed a hornet
  5852 | D:6      | Reached skill level 5 in Armour
  5897 | D:6      | Killed Duvessa
  5898 | D:6      | Reached skill level 6 in Shields
  5898 | D:6      | Killed Dowan
  5952 | D:7      | Found a staircase to the Ecumenical Temple.
  6090 | D:7      | Reached **** piety under Trog
  6300 | D:7      | Reached XP level 10. HP: 61/61 MP: 10/10
  6300 | D:7      | Found Jireah's Book Shop.
  6442 | D:7      | Reached skill level 7 in Shields
  6638 | D:7      | Found an iron altar of Okawaru.
  6639 | D:7      | Found a broken altar of Ashenzari.
  6641 | D:7      | Found an ornate altar of the Wu Jian Council.
  6654 | D:7      | Found a radiant altar of Vehumet.
  6824 | D:7      | Found a runed translucent door.
  6829 | D:7      | Noticed ongoing's ghost (novice DjEE)
  7108 | D:8      | Found a staircase to the Lair.
  7108 | D:8      | Noticed a gargoyle
  7128 | D:8      | Killed a gargoyle
  7255 | D:8      | Reached skill level 8 in Shields
  7283 | D:8      | Found an opulent altar of Gozag.
  7316 | D:8      | Found a white marble altar of Elyvilon.
  7327 | D:8      | Found a transporter.
  7332 | D:8      | Found a transporter.
  7332 | D:8      | Noticed a red ugly thing
  7333 | D:8      | Found a corrupted altar of Lugonu.
  7377 | D:8      | Found Esmaeqom's Gadget Gallery.
  7470 | D:8      | Reached ***** piety under Trog
  7565 | D:8      | Noticed a brown ugly thing
  7566 | D:8      | Noticed a purple ugly thing
  7594 | D:8      | Identified the +6 bardiche "Zesan" {drain, rElec Int+3}
  7804 | D:8      | Noticed an entropy weaver
  8140 | D:9      | Reached skill level 10 in Axes
  8222 | D:9      | Killed an unseen horror
  8317 | D:9      | Reached skill level 9 in Shields
  8319 | D:9      | Reached XP level 11. HP: 65/68 MP: 11/11
  8385 | D:9      | Found an ancient bone altar of Kikubaaqudgha.
  8721 | Lair:1   | Entered Level 1 of the Lair of Beasts
  8932 | Lair:1   | Reached skill level 10 in Shields
  8989 | Lair:1   | Noticed Maggie
  9007 | Lair:1   | Killed Maggie
  9442 | Lair:2   | Noticed Amaemon
  9453 | Lair:2   | Killed Amaemon
  9458 | Lair:2   | Reached XP level 12. HP: 50/75 MP: 0/12
  9692 | Lair:2   | Noticed a four-headed hydra
  9709 | Lair:2   | Killed a four-headed hydra
  9953 | Lair:2   | Reached skill level 1 in Polearms
 10058 | Lair:2   | Found a hole to the Spider Nest.
 10076 | Lair:2   | Reached skill level 11 in Shields
 10699 | Lair:3   | Noticed Fannar
 10846 | Lair:2   | Killed Fannar
 10993 | Lair:3   | Noticed Gastronok
 11014 | Lair:3   | Killed Gastronok
 11117 | Lair:3   | Found a staircase to the Shoals.
 11133 | Lair:3   | Noticed a skyshark
 11150 | Lair:3   | Killed a skyshark
 11151 | Lair:3   | Reached skill level 12 in Shields
 11598 | Lair:4   | Reached XP level 13. HP: 68/80 MP: 0/13
 11793 | Lair:4   | Reached skill level 10 in Fighting
 12167 | Lair:4   | Reached skill level 5 in Dodging
 12379 | Lair:4   | Reached skill level 13 in Shields
 12429 | Lair:4   | Found a staircase to the Slime Pits.
 12429 | Lair:4   | Found a viscous altar of Jiyva.
 13253 | Lair:5   | Entered Level 5 of the Lair of Beasts
 13430 | Lair:5   | Gained mutation: Your large and strong wings let you fly.
                  | [Gargoyle growth]
 13430 | Lair:5   | Reached XP level 14. HP: 78/90 MP: 1/14
 13635 | Lair:5   | Reached skill level 14 in Shields
 14931 | D:10     | Entered Level 10 of the Dungeon
 14980 | D:10     | Found a glowing silver altar of Zin.
 15020 | D:10     | Received a gift from Trog
 15356 | D:10     | Found a staircase to the Orcish Mines.
 15424 | D:10     | Identified the +5 glaive of the Middle {elec, rF+}
 15511 | D:10     | Noticed Grum
 15517 | D:10     | Killed Grum
 15609 | D:10     | Reached skill level 15 in Shields
 15616 | D:10     | Identified the +0 leather armour of the Garden {rF+ rC+}
 15654 | D:10     | Found Ulehaus's Magic Scroll Emporium.
 15664 | D:10     | Bought a scroll of enchant armour for 120 gold pieces
 15664 | D:10     | Bought a scroll of teleportation for 48 gold pieces
 15664 | D:10     | Bought a scroll of fear for 64 gold pieces
 15664 | D:10     | Bought a scroll of blinking for 120 gold pieces
 15664 | D:10     | Bought a scroll of blinking for 120 gold pieces
 15791 | D:11     | Found a gate leading to a gauntlet.
 15795 | Gauntlet | Entered a Gauntlet
 15795 | Gauntlet | Found a transporter.
 15795 | Gauntlet | Found a transporter.
 15808 | Gauntlet | Found a transporter.
 15808 | Gauntlet | Found a transporter.
 15826 | Gauntlet | Reached skill level 5 in Stealth
 15870 | Gauntlet | Found a transporter.
 15870 | Gauntlet | Found a transporter.
 15874 | Gauntlet | Found a transporter.
 15874 | Gauntlet | Found a transporter.
 15896 | Gauntlet | Found a transporter.
 15899 | Gauntlet | Noticed a reaper
 15915 | Gauntlet | Found a transporter.
 15969 | Gauntlet | Found a transporter.
 15973 | Gauntlet | Found a transporter.
 16399 | D:11     | Found a runed translucent door.
 16468 | D:11     | Found a corrupted altar of Lugonu.
 16817 | D:11     | Reached XP level 15. HP: 96/96 MP: 7/15
 17262 | D:12     | Found an ornate altar of the Wu Jian Council.
 17525 | D:12     | Noticed Kirke
 17541 | D:12     | Killed Kirke
 18082 | D:13     | Noticed Josephine
 18098 | D:13     | Killed Josephine
 18259 | D:13     | Noticed Urug
 18275 | D:13     | Killed Urug
 18647 | D:13     | Noticed Frances
 18659 | D:13     | Killed Frances
 18873 | D:14     | Noticed Lodul
 18888 | D:14     | Killed Lodul
 18994 | D:14     | Reached skill level 16 in Shields
 19027 | D:14     | Lost mutation: You occasionally lose the ability to read
                  | scrolls when taking damage. [potion of mutation]
 19027 | D:14     | Gained mutation: You are occasionally teleported next to
                  | monsters. [potion of mutation]
 19027 | D:14     | Gained mutation: You are weak. (Str -2) [potion of
                  | mutation]
 19027 | D:14     | Gained mutation: Your mind is acute. (Int +4, Str/Dex -1)
                  | [potion of mutation]
 19028 | D:14     | Lost mutation: Your mind is acute. (Int +4, Str/Dex -1)
                  | [potion of mutation]
 19028 | D:14     | Lost mutation: You are occasionally teleported next to
                  | monsters. [potion of mutation]
 19028 | D:14     | Gained mutation: You are vulnerable to cold. (rC-) [potion
                  | of mutation]
 19028 | D:14     | Gained mutation: You are very weak. (Str -4) [potion of
                  | mutation]
 19028 | D:14     | Gained mutation: You are dopey. (Int -2) [potion of
                  | mutation]
 19028 | D:14     | Gained mutation: You have an increased reservoir of magic.
                  | (+10% MP) [potion of mutation]
 19029 | D:14     | Lost mutation: You are dopey. (Int -2) [potion of mutation]
 19029 | D:14     | Lost mutation: You are vulnerable to cold. (rC-) [potion of
                  | mutation]
 19029 | D:14     | Gained mutation: You are partially covered in iridescent
                  | scales. (AC +2) [potion of mutation]
 19029 | D:14     | Gained mutation: Your flesh is heat resistant. (rF+)
                  | [potion of mutation]
 19030 | D:14     | Lost mutation: You are very weak. (Str -4) [potion of
                  | mutation]
 19030 | D:14     | Lost mutation: You have an increased reservoir of magic.
                  | (+10% MP) [potion of mutation]
 19030 | D:14     | Lost mutation: You are weak. (Str -2) [potion of mutation]
 19030 | D:14     | Gained mutation: You are frail. (-10% HP) [potion of
                  | mutation]
 19030 | D:14     | Gained mutation: You are mostly covered in iridescent
                  | scales. (AC +4) [potion of mutation]
 19266 | D:14     | Found a gate to the Vaults.
 19665 | D:14     | Found a portal to a secret trove of treasure.
 19709 | D:14     | Found a white marble altar of Elyvilon.
 19791 | D:14     | Identified the +2 hand axe of the Wheel {freeze, rF+ rN++}
 19852 | D:14     | Reached skill level 15 in Axes
 20335 | D:15     | Entered Level 15 of the Dungeon
 20550 | D:15     | Found a basalt altar of Yredelemnul.
 21133 | D:15     | Reached XP level 16. HP: 93/93 MP: 0/16
 21139 | D:15     | Received a gift from Trog
 21239 | D:15     | Found a staircase to the Depths.
 21252 | D:15     | Slain by a titanic slime creature

Illustrated notes

Levels and vault maps discovered:
D:1:      lemuel_arrival_cross, layout_basic, minmay_tetromino_l2
D:2:      layout_basic, basic_altar, serial_shops, shop_coins,
          kennysheep_crisscross, hex_medium
D:3:      layout_basic, uniq_grinder, uniq_terence
D:4:      layout_basic, minmay_quantized
D:5:      layout_loops_ring, gammafunk_ghost_split, uniq_edmund
D:6:      minmay_octagon_keep, layout_basic, chequers_serial_rivers_micro_d,
          dk_noncrumbling_2, chequers_arboretum
D:7:      lemuel_ratsnest, layout_basic, nicolae_overflow_quartered_altars,
          minmay_temple_entry_drinking_statues, gammafunk_ghost_grave,
          serial_shops, nicolae_book_shop_shelving, uniq_duvessa
D:8:      gammafunk_corrupted_shrine, layout_gridville, lemuel_doored_altar,
          mainiacjoe_overflow_alcove_4, erik_lair_orcish_takeover,
          nicolae_shop_gadgets
D:9:      layout_gridville, mainiacjoe_overflow_small_starburst, minivault_23
D:10:     layout_big_octagon, lemuel_tele_altar, serial_gnoll_camp,
          gnoll_camp_mini_loothouse, gnoll_camp_mini_shop, gnoll_camp_mini_hut,
          gnoll_camp_huts_moat, grums_kennel
D:11:     layout_basic, gauntlet_entry_generic, nicolae_danse_macabre
D:12:     layout_loops_ring, nicolae_wu_jian_immortal_techniques, uniq_kirke
D:13:     layout_basic, uniq_frances, uniq_josephine, uniq_urug
D:14:     layout_roguey, ximxim_vaults_locker_room, enter_trove_2,
          nicolae_elyvilon_temple_path, kennysheep_flooded_box, uniq_lodul
D:15:     gammafunk_enter_depths_forms, layout_basic, yredelemnul_altar_generic
Lair:1:   layout_roguey, uniq_maggie
Lair:2:   layout_regular_city, nicolae_spider_entry_tight_spaces,
          hangedman_lair_unloving_vines, minivault_25, uniq_amaemon
Lair:3:   layout_cave_shapes, elwin_shoals_entry_rocks, serial_bayou_shore_b,
          grunt_megastairs_1, uniq_gastronok, uniq_fannar
Lair:4:   regret_index_harrowing_hell_hive, layout_loops_ring, slime_entry_1
Lair:5:   minmay_lair_end_enchanted_forest, layout_regular_city,
          infiniplex_staircase_pool_2, lemuel_fruit_tree

Skill      XL: |  1  2  3  4  5  6  7  8  9 10 11 12 13 14 15 |
---------------+----------------------------------------------+-----
Axes           | 3 4 5 6 7 8 10 11 12 13 14 15 | 15.4
Fighting       | 4 5 6 7 8 9 11 12 13 | 13.2
Dodging        | 2 3 4 5 7 |  7.7
Armour         | 3 4 5 6 7 8 |  8.5
Shields        | 1 2 4 6 9 10 12 13 15 16 | 16.7
Stealth        | 1 2 3 4 5 |  5.9
Polearms       | 1 |  1.3
Unarmed Combat | |  0.1

Action                     |  1- 3 |  4- 6 |  7- 9 | 10-12 | 13-15 | 16-18 || total
---------------------------+-------+-------+-------+-------+-------+-------++-------
  Melee: Hand axe          |   120 |   163 |   333 |   567 |  1065 |       ||  2248
         Trident           |       |       |       |    13 |       |       ||    13
         War axe           |       |       |       |       |   193 |    33 ||   226
         Unarmed           |       |       |       |       |     5 |       ||     5
         Demon trident     |       |       |       |       |     4 |       ||     4
  Throw: Dart              |       |       |       |     1 |       |       ||     1
 Invoke: Berserk           |     1 |     2 |     6 |     9 |    22 |       ||    40
         Trog's Hand       |       |     1 |     2 |     7 |     5 |     1 ||    16
         Brothers in Arms  |       |       |       |     7 |     3 |       ||    10
    Use: Scroll            |     7 |     3 |     8 |     8 |    11 |       ||    37
         Potion            |     1 |     1 |       |       |     4 |       ||     6
   Stab: Sleeping          |       |       |       |     2 |    14 |       ||    16
         Distracted        |       |       |       |       |     3 |       ||     3
 Armour: Animal skin       |    91 |    27 |       |       |       |       ||   118
         Chain mail        |       |   105 |    92 |       |       |       ||   197
         Plate armour      |       |       |   133 |   271 |       |       ||   404
         Acid dragon scale |       |       |       |   206 |   470 |     5 ||   681
         Skin              |       |       |       |       |     1 |       ||     1
  Dodge: Dodged            |    93 |    53 |    79 |   251 |   450 |     6 ||   932
         Repelled          |     3 |     1 |     2 |     3 |     8 |     1 ||    18
  Block: Kite shield       |       |    47 |   213 |   611 |  1069 |    23 ||  1963

Table legend: (Time is in decaauts)
 A = Elapsed time spent in this place.
 B = Non-inter-level travel time spent in this place.
 C = Inter-level travel time spent in this place.
 D = Time resting spent in this place.
 E = Time spent auto-exploring this place.
 F = Levels seen in this place.
 G = Mean time per level.
                   A        B        C        D        E       F      G
               +--------+--------+--------+--------+--------+-----+--------+
         Total |  21165 |  20603 |    562 |   1311 |  13922 |  21 | 1007.9 |
       Dungeon |  14707 |  14312 |    395 |    626 |  10092 |  15 |  980.5 |
          Lair |   6058 |   5892 |    166 |    593 |   3725 |   5 | 1211.6 |
      Gauntlet |    398 |    398 |      0 |     91 |    104 |   1 |  398.0 |
               +--------+--------+--------+--------+--------+-----+--------+

Top non-repeatable levels by time:
  Lair:4: 1773 daAuts
  Lair:5: 1507 daAuts
    D:14: 1493 daAuts
  Lair:2: 1470 daAuts
     D:6: 1426 daAuts
     D:7: 1151 daAuts
     D:4: 1144 daAuts
     D:5: 1102 daAuts
     D:8: 1029 daAuts
    D:12: 932 daAuts
     D:1: 910 daAuts
    D:15: 901 daAuts
    D:13: 881 daAuts
    D:11: 863 daAuts
     D:3: 827 daAuts
